 Dungeon Crawl Stone Soup version 0.30-b1-5-g8e6c1be481 (webtiles) character file.

Game seed: 17054912971295723009

343 Hubris850 the Ogre Mage (level 6, 0/61 HPs)
             Began as an Ogre Hedge Wizard on May 4, 2023.
             Was a Follower of Lugonu.
             Killed from afar by an orc wizard (6 damage)
             ... with a puff of flame
             ... on level 3 of the Dungeon.
             The game lasted 00:07:11 (3326 turns).

Hubris850 the Ogre Mage (Ogre Hedge Wizard)         Turns: 3326, Time: 00:07:11

Health: 0/61       AC:  4    Str: 19    XL:     6   Next: 57%
Magic:  9/11       EV: 10    Int: 18    God:    Lugonu [*.....]
Gold:   129        SH:  0    Dex: 14    Spells: 6/12 levels left

rFire   . . .        o - +0 flail
rCold   + . .        (no shield)
rNeg    + . .        b - +0 robe
rPois   .            c - +0 hat
rElec   .            x - +0 cloak
rCorr   .            (gloves unavailable)
SInv    .            (boots unavailable)
Will    .....        (no amulet)
Stlth   ++           l - +6 ring of dexterity
HPRegen 0.30/turn    q - ring of the Leaf {rC+ rN+ Str+2 Int+3}
MPRegen 0.12/turn

%: no passive effects
@: no status effects
A: large, unfitting armour, tough skin 1
a: Renounce Religion, Depart the Abyss


You were on level 3 of the Dungeon.
You worshipped Lugonu.
Lugonu was aware of your devotion.
You visited 1 branch of the dungeon, and saw 4 of its levels.

You collected 129 gold pieces.

Inventory:

Hand Weapons
 a - a +0 dagger
 k - a +0 club
 o - a +0 flail (weapon)
Missiles
 g - 2 boomerangs
 w - 7 poisoned darts
Armour
 b - a +0 robe (worn)
 c - a +0 hat (worn)
 x - a +0 cloak (worn)
Magical Staves
 p - a staff of earth
 A - a staff of cold
Jewellery
 l - a +6 ring of dexterity (left hand)
 q - the ring of the Leaf (right hand) {rC+ rN+ Str+2 Int+3}
   (You found it on level 2 of the Dungeon)

   [ring of protection from cold]

   Str:       It affects your strength (+2).
   Int:       It affects your intelligence (+3).
   rC:        It protects you from cold.
   rN:        It protects you from negative energy.
Wands
 v - a wand of flame (8)
Scrolls
 e - 2 scrolls of silence {unknown}
 h - 3 scrolls of vulnerability {unknown}
 i - a scroll of fear {unknown}
 j - 2 scrolls of immolation {unknown}
 m - a scroll of teleportation {unknown}
 r - 2 scrolls of noise {unknown}
 t - a scroll of enchant armour {unknown}
 u - 2 scrolls of identify {unknown}
 y - a scroll of enchant weapon {unknown}
Potions
 d - a potion of magic
 f - a potion of curing
 n - a potion of attraction {unknown}
 s - a potion of lignification {unknown}
 z - a potion of haste {unknown}


   Skills:
 - Level 3.0 Fighting
 + Level 3.3 Maces & Flails
 + Level 3.3 Throwing
 - Level 3.0 Dodging
 - Level 1.4 Stealth
 - Level 3.6 Spellcasting
 - Level 0.8 Conjurations
 - Level 0.8 Summonings
 - Level 0.8 Translocations


You had 6 spell levels left.
You knew the following spells:

 Your Spells              Type           Power      Damage    Failure   Level
a - Magic Dart            Conj           24%        1d4       11%         1
b - Blink                 Tloc           12%        N/A       16%         2
c - Mephitic Cloud        Conj/Pois/Air  4%         N/A       38%         3

Your spell library contained the following spells:

 Spells                   Type           Power      Damage    Failure   Level
 Slow                     Hex            12%        N/A       16%         1
 Call Imp                 Summ           12%        N/A       16%         2
 Cigotuvi's Dreadful Rot  Necr/Pois/Air  6%         N/A       24%         2


Dungeon Overview and Level Annotations

Branches:
Dungeon (4/15)
 Temple: D:4-7

Altars:
Cheibriados
Dithmenos
Lugonu

Shops:
D:1 *[[


Innate Abilities, Weirdness & Mutations

You are too large for most types of armour.
You have tough skin. (AC +1)


Message History

You barely miss the orc wizard. The orc wizard casts a spell at you.
The puff of flame hits you.
* * * LOW HITPOINT WARNING * * *
You closely miss the orc wizard.
The orc wizard hits you but does no damage.
The orc wizard casts a spell at you. You resist with some effort.
You closely miss the orc wizard.
The orc wizard hits you with a +0 dagger.
* * * LOW HITPOINT WARNING * * *
Okay, then.
You barely miss the orc wizard.
The orc wizard casts a spell.
The orc wizard flickers and vanishes!
Deactivating autopickup; reactivate with Ctrl-A.
You barely miss something.
You hear some strange, mumbled words.
You are confused.
You miss something. Something hits you but does no damage. Something hits you.
* * * LOW HITPOINT WARNING * * *
You miss something. Something hits you.
* * * LOW HITPOINT WARNING * * *
Something hits you but does no damage.
You completely miss something. Something hits you but does no damage.
You barely miss something.
You feel less confused.
You hear some strange, mumbled words.
A magic dart appears from out of thin air!
The magic dart hits you but does no damage.
You closely miss something. Something hits you but does no damage.
You hear some strange, mumbled words.
A puff of flame appears from out of thin air!
The puff of flame hits you!
* * * LOW HITPOINT WARNING * * *
You sock something!
You hear some strange, mumbled words.
A puff of flame appears from out of thin air!
The puff of flame hits you.
You die...

####### ######.# #...##......
#.....# #....#.# #...##......
#.....# #.#....# #...##..♣♣♣.
#.....###.###### #......♣# #♣
#..............# #......♣ ♣
#.....##.##.##.###......♣# #♣
###.....##.##..............♣♣♣.
#.+......#.##........).........
#.#......#.##.@{.............##
#........#....#.)............#
#....###.###..###......##.##.#
##........##........#####....##
#.....<...##.#####..# ###....
#.........##.# ######### ###.#
###.......##.###.......# ##.#
#.......##...#.#._.#.#####..#
#.......####.#.#...#.#..##...


There were no monsters in sight!

Vanquished Creatures
  Grinder (D:3)
  An orc priest (D:3)
  Ijyb (D:3)
  An adder (D:2)
  2 worms
  2 dart slugs
  6 orcs (D:3)
  8 bats
  2 endoplasms (D:1)
  6 giant cockroaches
  5 goblins (D:1)
  4 hobgoblins
  2 jackals (D:1)
  6 kobolds
  3 quokkas
  2 ball pythons
  3 frilled lizards
  2 rats
57 creatures vanquished.

Notes
Turn   | Place    | Note
-------+----------+-------------------------------------------
     0 | D:1      | Hubris850 the Ogre Hedge Wizard began the quest for the
                  | Orb.
     0 | D:1      | Reached XP level 1. HP: 16/16 MP: 5/5
    33 | D:1      | Found Ivvabroh's Armour Shop.
   123 | D:1      | Found Osoes's Assorted Antiques.
   131 | D:1      | Reached skill level 1 in Fighting
   262 | D:1      | Reached XP level 2. HP: 27/27 MP: 4/6
   767 | D:1      | Found Lipsobuleff's Antique Armour Boutique.
  1041 | D:1      | Reached XP level 3. HP: 35/35 MP: 5/8
  1445 | D:2      | Reached skill level 1 in Throwing
  1577 | D:2      | Identified the ring of the Leaf {rC+ rN+ Str+2 Int+3}
  1697 | D:2      | Found a snail-covered altar of Cheibriados.
  1939 | D:2      | Reached skill level 1 in Maces & Flails
  2273 | D:3      | Noticed Ijyb
  2278 | D:3      | Learned a level 2 spell: Blink
  2282 | D:3      | Learned a level 3 spell: Mephitic Cloud
  2294 | D:3      | Killed Ijyb
  2295 | D:3      | Reached XP level 4. HP: 32/44 MP: 4/9
  2471 | D:3      | Noticed Grinder
  2479 | D:3      | Paralysed by Grinder for 4 turns
  2487 | D:3      | Paralysed by Grinder for 2 turns
  2492 | D:3      | Killed Grinder
  2493 | D:3      | Reached XP level 5. HP: 31/53 MP: 10/10
  2493 | D:3      | Reached XP level 6. HP: 36/61 MP: 11/11
  2753 | D:3      | Found a shadowy altar of Dithmenos.
  3099 | D:3      | Found a faded altar of an unknown god.
  3102 | D:3      | Prayed at the altar of an unknown god.
  3102 | D:3      | Became a worshipper of Lugonu the Unformed
  3102 | D:3      | Reached * piety under Lugonu
  3308 | D:3      | HP: 2/61 [orc wizard/puff of flame (10)]
  3326 | D:3      | Killed from afar by an orc wizard

Illustrated notes

Levels and vault maps discovered:
D:1:      minmay_arrival_semitransparent, layout_basic, serial_shops,
          nicolae_shop_tiny_waterfront, shop, nicolae_shop_tiny_real_fake_doors
D:2:      layout_loops_ring, basic_altar
D:3:      layout_basic, mainiacjoe_overflow_alcove_4,
          hellmonk_ecumenical_altar_inner_sanctum, minmay_stone_trees_small,
          uniq_grinder, uniq_ijyb
D:4:      layout_cave_pools, bloody_makhleb, minmay_temple_entry_junction_2,
          serial_park, serial_park_avenue1, serial_park_tiny_1,
          serial_park_square1 [serial_park_minivault_5x5_8],
          serial_park_tiny_pond, uniq_robin, uniq_pikel

Skill      XL: |  1  2  3  4 |
---------------+-------------+-----
Fighting       | 1 2 3 |  3.0
Dodging        | 2 3 |  3.0
Throwing       | 1 3 |  3.3
Maces & Flails | 1 3 |  3.3
Stealth        | |  1.4
Spellcasting   | |  3.6
Conjurations   | |  0.8
Summonings     | |  0.8
Translocations | |  0.8

Action                     |  1- 3 |  4- 6 || total
---------------------------+-------+-------++-------
  Melee: Dagger            |    12 |       ||    12
         Club              |     8 |       ||     8
         Flail             |    37 |    63 ||   100
         Punch             |     3 |     1 ||     4
   Cast: Magic Dart        |    69 |    40 ||   109
         Mephitic Cloud    |     1 |       ||     1
  Evoke: Wand              |       |    11 ||    11
    Use: Potion            |       |     2 ||     2
 Armour: Robe              |    12 |    19 ||    31
  Dodge: Dodged            |    35 |    24 ||    59
